 Dungeon Crawl Stone Soup version 0.28-a0-1199-gef9e1dbd39 (webtiles) character file.

Game seed: 11104165665227936875

23 blank1 the Skirmisher (level 3, -1/33 HPs)
             Began as a Hill Orc Fighter on Dec 20, 2021.
             Slain by a gnoll (5 damage)
             ... on level 2 of the Dungeon.
             The game lasted 00:01:09 (1254 turns).

blank1 the Skirmisher (Hill Orc Fighter)            Turns: 1254, Time: 00:01:09

Health: -1/33      AC:  6    Str: 20    XL:     3   Next: 0%
Magic:  3/3        EV:  9    Int:  8    God:
Gold:   27         SH:  4    Dex: 10    Spells: 2/2 levels left

rFire   . . .      SeeInvis .   a - +0 war axe
rCold   . . .      Faith    .   c - +0 buckler
rNeg    . . .      Spirit   .   b - +0 scale mail
rPois   .          Reflect  .   (no helmet)
rElec   .          Harm     .   (no cloak)
rCorr   .          Rampage  .   (no gloves)
Will    .....                   (no boots)
Stlth   ..........              (no amulet)
HPRegen 0.11/turn               (no ring)
MPRegen 0.08/turn               (no ring)

@: no status effects
A: no striking features
a: no special abilities


You were on level 2 of the Dungeon.
You visited 1 branch of the dungeon, and saw 2 of its levels.

You collected 27 gold pieces.

Inventory:

Hand Weapons
 a - a +0 war axe (weapon)
Armour
 b - a +0 scale mail (worn)
 c - a +0 buckler (worn)
Scrolls
 e - a scroll of identify {unknown}
 f - a scroll of enchant weapon {unknown}
 g - a scroll of acquirement {unknown}
 i - a scroll of fog {unknown}
Potions
 d - a potion of might
 h - a potion of flight {unknown}
 j - a potion of mutation {unknown}


   Skills:
 + Level 4.0 Fighting
 + Level 3.2 Axes
 + Level 3.6 Armour
 + Level 3.6 Shields


You had 2 spell levels left.
You didn't know any spells.
Your spell library was empty.

Dungeon Overview and Level Annotations

Branches:
Dungeon (2/15)

Altars:


Message History

No target in view!
No target in view!
HP restored.
A goblin comes into view. It is wielding a +0 club.
The goblin shouts!
A goblin is nearby!
Found 16 stones.
You barely miss the goblin. The goblin hits you but does no damage.
You miss the goblin. The goblin hits you with a +0 club.
The goblin barely misses you.
You slash the goblin!
You kill the goblin!
No target in view!
No target in view!
Things that are here:
a +0 club; a goblin corpse
j - a bubbling blue potion A ball python and a gnoll come into view.
The ball python hisses angrily.
The gnoll shouts!
You hear a shout!
There are monsters nearby!
You hit the ball python.
You kill the ball python!
You have reached level 3!
Your experience leads to an increase in your attributes!
Increase (S)trength, (I)ntelligence, or (D)exterity?
You feel stronger. x2
The gnoll barely misses you.
You see here a ball python corpse.
The gnoll hits you with a +0 halberd.
You barely miss the gnoll. The gnoll misses you.
The gnoll hits you with a +0 halberd!
You closely miss the gnoll. The gnoll barely misses you.
You slash the gnoll!
The gnoll is almost dead.
The gnoll hits you with a +0 halberd!
* * * LOW HITPOINT WARNING * * *
You barely miss the gnoll.
The gnoll is almost dead.
The gnoll closely misses you. The gnoll hits you with a +0 halberd.
You die...

.# ##.# # ...#.
####.... ..#..#
#.#..##.##
######.........
#..†@g....##.#
#####.#######.#
#........# ..
#.###.##.# #.#
#.##.# # #.##.#
. ##.##.#
.##.(##.#
...###.#


You could see a gnoll.

Vanquished Creatures
  A worm (D:2)
  An endoplasm (D:1)
  5 giant cockroaches
  3 goblins
  2 hobgoblins (D:1)
  2 quokkas (D:1)
  2 ball pythons
  A rat (D:1)
17 creatures vanquished.

Notes
Turn   | Place    | Note
-------+----------+-------------------------------------------
     0 | D:1      | blank1 the Hill Orc Fighter began the quest for the Orb.
     0 | D:1      | Reached XP level 1. HP: 19/19 MP: 1/1
   421 | D:1      | Reached XP level 2. HP: 27/27 MP: 2/2
  1161 | D:1      | Found a faded altar of an unknown god.
  1200 | D:2      | Reached skill level 4 in Fighting
  1249 | D:2      | Reached XP level 3. HP: 33/33 MP: 3/3
  1254 | D:2      | Slain by a gnoll

Illustrated notes

Levels and vault maps discovered:
D:1:      heliophobic_arrival_henge, layout_loops_corners,
          basic_ecumenical_altar, dk_noncrumbling_2
D:2:      layout_loops_ring, basic_altar

Skill      XL: |  1  2 |
---------------+-------+-----
Axes           | 3 |  3.2
Fighting       | 4 |  4.0
Armour         | |  3.6
Shields        | |  3.6

Action                   || total
-------------------------++-------
Melee: War axe           ||    47
Armor: Scale mail        ||    12
Dodge: Dodged            ||    23
Block: Buckler           ||     7

Table legend: (Time is in decaauts)
 A = Elapsed time spent in this place.
 B = Non-inter-level travel time spent in this place.
 C = Inter-level travel time spent in this place.
 D = Time resting spent in this place.
 E = Time spent auto-exploring this place.
 F = Levels seen in this place.
 G = Mean time per level.
                   A        B        C        D        E       F      G
               +--------+--------+--------+--------+--------+-----+--------+
         Total |   1270 |   1257 |     13 |    136 |    985 |   2 |  635.0 |
       Dungeon |   1270 |   1257 |     13 |    136 |    985 |   2 |  635.0 |
               +--------+--------+--------+--------+--------+-----+--------+

Top non-repeatable levels by time:
     D:1: 1191 daAuts
     D:2: 78 daAuts
